TOP OF THE 1ST |
Pittsfield Colonials batting - Pitching for Elmira Pioneers : RHP Dwayne Henry
|
Pitching: RHP Dwayne Henry
|
|
Batting: SHB Steve Scafa
|
0-0: Called Strike 0-1: Ground out 6-3 (Groundball, 6, EV 81.9 MPH)
|
Batting: SHB Mitch Webster
|
0-0: Fly out, F8 (Flyball, 8LS, EV 82.5 MPH)
|
Batting: RHB Shawon Dunston
|
0-0: SINGLE (Line Drive, 7S, EV 95.0 MPH)
|
Batting: SHB Mark Gilbert
|
0-0: Called Strike 0-1: Ball 1-1: Ball Shawon Dunston steals 2nd base 2-1: Ground out U3 (Groundball, 3, EV 80.6 MPH)
|
Top of the 1st over - 0 runs, 1 hit, 0 errors, 1 left on base; Pittsfield 0 - Elmira 0 |
BOTTOM OF THE 1ST |
Elmira Pioneers batting - Pitching for Pittsfield Colonials : RHP Dave Stieb
|
Pitching: RHP Dave Stieb
|
|
Batting: RHB Ken Dowell
|
0-0: Called Strike 0-1: Ball 1-1: Ball 2-1: Ball 3-1: Ground out 6-3 (Groundball, 6, EV 96.3 MPH)
|
Batting: RHB Mark Wasinger
|
0-0: Swinging Strike 0-1: Ball 1-1: Ball 2-1: Called Strike 2-2: Ball 3-2: Ground out 6-3 (Groundball, 6, EV 77.5 MPH)
|
Batting: RHB Richard Givens
|
0-0: Ball 1-0: Called Strike 1-1: Foul Ball, location: 2F 1-2: Ball 2-2: DOUBLE (Line Drive, 89D, EV 101.3 MPH)
|
Batting: LHB Juan Flores
|
0-0: Foul Ball, location: 2F 0-1: Called Strike 0-2: Ball 1-2: Ball 2-2: Strikes out looking
|
Bottom of the 1st over - 0 runs, 1 hit, 0 errors, 1 left on base; Pittsfield 0 - Elmira 0 |
TOP OF THE 2ND |
Pittsfield Colonials batting - Pitching for Elmira Pioneers : RHP Dwayne Henry
|
Batting: RHB Mike Brewer
|
0-0: Ball 1-0: Called Strike 1-1: Foul Ball, location: 2F 1-2: Foul Ball, location: 2F 1-2: Ball 2-2: Strikes out swinging
|
Batting: LHB Armando Ortiz
|
0-0: Ball 1-0: Swinging Strike 1-1: Fly out, F8 (Flyball, 8LD, EV 93.1 MPH)
|
Batting: RHB Steven Ramler
|
0-0: Called Strike 0-1: Ball 1-1: Ground out 5-3 (Groundball, 56S, EV 63.1 MPH)
|
Top of the 2nd over - 0 runs, 0 hits, 0 errors, 0 left on base; Pittsfield 0 - Elmira 0 |
BOTTOM OF THE 2ND |
Elmira Pioneers batting - Pitching for Pittsfield Colonials : RHP Dave Stieb
|
Batting: RHB Edwin Rodriguez
|
0-0: Ball 1-0: Ball 2-0: DOUBLE (Flyball, 89D, EV 95.6 MPH)
|
Batting: SHB Esteban Mendez
|
0-0: Ball 1-0: Ball 2-0: Ball 3-0: Base on Balls
|
Batting: LHB German Barranca
|
0-0: Ground out 4-3 (Groundball, 4S, EV 72.5 MPH) Edwin Rodriguez to third Esteban Mendez to second
|
Batting: RHB Curtis Cannedy
|
0-0: Ball 1-0: Called Strike 1-1: Swinging Strike 1-2: Strikes out looking
|
Batting: RHB Larry Owen
|
0-0: Called Strike 0-1: Ball 1-1: Foul Ball, location: 2F 1-2: Ground out 5-3 (Groundball, 56S, EV 82.5 MPH)
|
Bottom of the 2nd over - 0 runs, 1 hit, 0 errors, 2 left on base; Pittsfield 0 - Elmira 0 |
TOP OF THE 3RD |
Pittsfield Colonials batting - Pitching for Elmira Pioneers : RHP Dwayne Henry
|
Batting: SHB David Enos
|
0-0: Foul Ball, location: 2F 0-1: Swinging Strike 0-2: Strikes out swinging
|
Batting: RHB Juan Castro
|
0-0: Ball 1-0: Foul Ball, location: 2F 1-1: Ball 2-1: Ball 3-1: Base on Balls
|
Batting: SHB Steve Scafa
|
0-0: Foul Ball, location: 2F 0-1: SINGLE (Line Drive, 78S, EV 91.3 MPH) Juan Castro to second
|
Batting: SHB Mitch Webster
|
0-0: Fly out, F9 (Flyball, 9S, EV 74.4 MPH)
|
Batting: RHB Shawon Dunston
|
0-0: Ball 1-0: Swinging Strike 1-1: Ground out 5-3 (Groundball, 56S, EV 71.3 MPH)
|
Top of the 3rd over - 0 runs, 1 hit, 0 errors, 2 left on base; Pittsfield 0 - Elmira 0 |
BOTTOM OF THE 3RD |
Elmira Pioneers batting - Pitching for Pittsfield Colonials : RHP Dave Stieb
|
Batting: RHB Ken Dowell
|
0-0: Called Strike 0-1: Ground out 4-3 (Groundball, 4S, EV 85.6 MPH)
|
Batting: RHB Mark Wasinger
|
0-0: Called Strike 0-1: Ball 1-1: Foul Ball, location: 2F 1-2: Fly out, F8 (Flyball, 78D, EV 100.6 MPH)
|
Batting: RHB Richard Givens
|
0-0: Ground out 4-3 (Groundball, 34, EV 86.9 MPH)
|
Bottom of the 3rd over - 0 runs, 0 hits, 0 errors, 0 left on base; Pittsfield 0 - Elmira 0 |
TOP OF THE 4TH |
Pittsfield Colonials batting - Pitching for Elmira Pioneers : RHP Dwayne Henry
|
Batting: SHB Mark Gilbert
|
0-0: Swinging Strike 0-1: Ball 1-1: Ball 2-1: Called Strike 2-2: Strikes out swinging
|
Batting: RHB Mike Brewer
|
0-0: Called Strike 0-1: Ball 1-1: Called Strike 1-2: Strikes out swinging
|
Batting: LHB Armando Ortiz
|
0-0: Ball 1-0: Foul Ball, location: 2F 1-1: Ball 2-1: Foul Ball, location: 2F 2-2: Ball 3-2: Base on Balls
|
Batting: RHB Steven Ramler
|
0-0: Called Strike 0-1: SINGLE (Groundball, 6D, EV 98.1 MPH) Armando Ortiz to second
|
Batting: SHB David Enos
|
0-0: Foul Ball, location: 2F 0-1: Called Strike 0-2: Ball 1-2: Foul Ball, location: 2F 1-2: Foul Ball, location: 2F 1-2: Ball 2-2: Ball 3-2: Ground out 4-3 (Groundball, 4, EV 104.4 MPH)
|
Top of the 4th over - 0 runs, 1 hit, 0 errors, 2 left on base; Pittsfield 0 - Elmira 0 |
BOTTOM OF THE 4TH |
Elmira Pioneers batting - Pitching for Pittsfield Colonials : RHP Dave Stieb
|
Batting: LHB Juan Flores
|
0-0: Ball 1-0: Ball 2-0: SINGLE (Groundball, 4MS, EV 64.4 MPH) (infield hit)
|
Batting: RHB Edwin Rodriguez
|
0-0: Ball 1-0: Foul Ball, location: 2F 1-1: Ball 2-1: Foul Ball, location: 2F 2-2: Strikes out swinging
|
Batting: SHB Esteban Mendez
|
0-0: Called Strike 0-1: Swinging Strike 0-2: 2-RUN HOME RUN (Flyball, 9LD, EV 108.1 MPH), Distance : 352 ft
|
Batting: LHB German Barranca
|
0-0: Fly out, F7 (Flyball, 7LS, EV 83.8 MPH)
|
Batting: RHB Curtis Cannedy
|
0-0: Ball 1-0: Foul Ball, location: 2F 1-1: Ball 2-1: Fly out, F7 (Flyball, 78S, EV 76.3 MPH)
|
Bottom of the 4th over - 2 runs, 2 hits, 0 errors, 0 left on base; Pittsfield 0 - Elmira 2 |
TOP OF THE 5TH |
Pittsfield Colonials batting - Pitching for Elmira Pioneers : RHP Dwayne Henry
|
Batting: RHB Juan Castro
|
0-0: Called Strike 0-1: Called Strike 0-2: Strikes out swinging
|
Batting: SHB Steve Scafa
|
0-0: Ball 1-0: Ball 2-0: Called Strike 2-1: Foul Ball, location: 2F 2-2: Foul Ball, location: 2F 2-2: Ball 3-2: Base on Balls
|
Batting: SHB Mitch Webster
|
0-0: Fielders Choice at 2nd, 6-4 (Groundball, 6, EV 77.5 MPH)
|
Batting: RHB Shawon Dunston
|
0-0: Ball Mitch Webster steals 2nd base 1-0: 2-RUN HOME RUN (Flyball, 78XD, EV 98.1 MPH), Distance : 424 ft
|
Batting: SHB Mark Gilbert
|
0-0: Foul Ball, location: 2F 0-1: Ball 1-1: Ball 2-1: Ball 3-1: Ground out 6-3 (Groundball, 6, EV 81.9 MPH)
|
Top of the 5th over - 2 runs, 1 hit, 0 errors, 0 left on base; Pittsfield 2 - Elmira 2 |
BOTTOM OF THE 5TH |
Elmira Pioneers batting - Pitching for Pittsfield Colonials : RHP Dave Stieb
|
Batting: RHB Larry Owen
|
0-0: SINGLE (Groundball, 56D, EV 106.9 MPH)
|
Batting: RHB Ken Dowell
|
0-0: Called Strike 0-1: Swinging Strike 0-2: Ball 1-2: Ball 2-2: Ball 3-2: Base on Balls Larry Owen to second
|
Batting: RHB Mark Wasinger
|
0-0: Sac Bunt to P - play at first, batter safe! Larry Owen to third Ken Dowell to second
|
Batting: RHB Richard Givens
|
0-0: Called Strike 0-1: Ball Wild Pitch! Larry Owen scores Ken Dowell to third Mark Wasinger to second 1-1: Fly out, F9 (Flyball, 9, EV 92.5 MPH)
|
Batting: LHB Juan Flores
|
0-0: Called Strike 0-1: Swinging Strike 0-2: SINGLE (Line Drive, 89S, EV 104.4 MPH) Ken Dowell scores Mark Wasinger to third Runner from 3rd tries for Home, SAFE, throw by RF to home
|
Batting: RHB Edwin Rodriguez
|
0-0: Swinging Strike 0-1: Called Strike 0-2: Ball 1-2: Strikes out swinging
|
Batting: SHB Esteban Mendez
|
0-0: Ball 1-0: Fly out, F9 (Flyball, 89S, EV 89.4 MPH)
|
Bottom of the 5th over - 3 runs, 3 hits, 0 errors, 1 left on base; Pittsfield 2 - Elmira 5 |
TOP OF THE 6TH |
Pittsfield Colonials batting - Pitching for Elmira Pioneers : RHP Dwayne Henry
|
Batting: RHB Mike Brewer
|
0-0: Called Strike 0-1: Ball 1-1: Ground out 6-3 (Groundball, 6, EV 99.4 MPH)
|
Batting: LHB Armando Ortiz
|
0-0: Ball 1-0: Ball 2-0: Swinging Strike 2-1: Swinging Strike 2-2: Strikes out swinging
|
Batting: RHB Steven Ramler
|
0-0: Foul Ball, location: 2F 0-1: Fly out, F7 (Line Drive, 7, EV 94.4 MPH)
|
Top of the 6th over - 0 runs, 0 hits, 0 errors, 0 left on base; Pittsfield 2 - Elmira 5 |
BOTTOM OF THE 6TH |
Elmira Pioneers batting - Pitching for Pittsfield Colonials : RHP Dave Stieb
|
Batting: LHB German Barranca
|
0-0: Ball 1-0: Ground out 4-3 (Groundball, 4M, EV 87.5 MPH)
|
Batting: RHB Curtis Cannedy
|
0-0: Ball 1-0: Ball 2-0: Ball 3-0: Base on Balls
|
Batting: RHB Larry Owen
|
0-0: Fly out, F6 (Flyball, 56D, EV 80.0 MPH)
|
Batting: RHB Ken Dowell
|
0-0: Ball 1-0: Foul Ball, location: 2F 1-1: Foul Ball, location: 2F 1-2: Fly out, F8 (Flyball, 89M, EV 90.0 MPH)
|
Bottom of the 6th over - 0 runs, 0 hits, 0 errors, 1 left on base; Pittsfield 2 - Elmira 5 |
TOP OF THE 7TH |
Pittsfield Colonials batting - Pitching for Elmira Pioneers : RHP Dwayne Henry
|
Batting: SHB David Enos
|
0-0: Ball 1-0: Ground out 4-3 (Groundball, 4MS, EV 93.1 MPH)
|
Batting: RHB Juan Castro
|
0-0: Swinging Strike 0-1: DOUBLE (Line Drive, 89D, EV 107.5 MPH)
|
Batting: SHB Steve Scafa
|
0-0: Ball 1-0: Called Strike 1-1: Ball 2-1: Ball 3-1: Called Strike 3-2: Base on Balls
|
Batting: SHB Mitch Webster
|
0-0: Ball 1-0: Foul Ball, location: 2F 1-1: Swinging Strike 1-2: Ball 2-2: Foul Ball, location: 2F 2-2: Fly out, F9 (Flyball, 9S, EV 78.8 MPH)
|
Batting: RHB Shawon Dunston
|
0-0: Ball 1-0: Ball 2-0: Fly out, F8 (Flyball, 89D, EV 95.6 MPH)
|
Top of the 7th over - 0 runs, 1 hit, 0 errors, 2 left on base; Pittsfield 2 - Elmira 5 |
BOTTOM OF THE 7TH |
Elmira Pioneers batting - Pitching for Pittsfield Colonials : RHP Dave Stieb
|
Pitching: RHP Dwight Lewis
|
|
Batting: RHB Mark Wasinger
|
0-0: Ball 1-0: Swinging Strike 1-1: Ball 2-1: Ball 3-1: Called Strike 3-2: Base on Balls
|
Batting: RHB Richard Givens
|
0-0: Ball 1-0: Ball Mark Wasinger steals 2nd base 2-0: Ball 3-0: Base on Balls
|
Batting: LHB Juan Flores
|
0-0: Foul Ball, location: 2F 0-1: Foul Ball, location: 2F 0-2: Ball 1-2: Fly out, F8 (Flyball, 89D, EV 89.4 MPH) Runner from 2nd tags up, SAFE at 3rd, no throw by CF
|
Batting: RHB Edwin Rodriguez
|
0-0: Called Strike 0-1: Ball 1-1: Hit by Pitch Richard Givens to second
|
Batting: SHB Esteban Mendez
|
0-0: Called Strike 0-1: SINGLE (Groundball, 34D, EV 95.6 MPH) Mark Wasinger scores Richard Givens to third Edwin Rodriguez to second Runner from 3rd tries for Home, SAFE, throw by RF to home
|
Batting: LHB German Barranca
|
0-0: Ball 1-0: Fly out, F8 (Flyball, 8LM, EV 91.9 MPH)
|
Batting: RHB Curtis Cannedy
|
0-0: Ball 1-0: Fly out, F8 (Flyball, 89D, EV 100.0 MPH)
|
Bottom of the 7th over - 2 runs, 1 hit, 0 errors, 2 left on base; Pittsfield 2 - Elmira 7 |
TOP OF THE 8TH |
Pittsfield Colonials batting - Pitching for Elmira Pioneers : RHP Dwayne Henry
|
Batting: SHB Mark Gilbert
|
0-0: Foul Ball, location: 2F 0-1: Ground out 3-1 (Groundball, 34, EV 96.9 MPH)
|
Batting: RHB Mike Brewer
|
0-0: Ball 1-0: Called Strike 1-1: Fly out, F8 (Flyball, 8RXD, EV 95.0 MPH)
|
Batting: LHB Armando Ortiz
|
0-0: Called Strike 0-1: Called Strike 0-2: Ball 1-2: Fly out, F4 (Flyball, 34D, EV 88.8 MPH)
|
Top of the 8th over - 0 runs, 0 hits, 0 errors, 0 left on base; Pittsfield 2 - Elmira 7 |
BOTTOM OF THE 8TH |
Elmira Pioneers batting - Pitching for Pittsfield Colonials : RHP Dwight Lewis
|
Batting: RHB Larry Owen
|
0-0: Ball 1-0: Called Strike 1-1: Called Strike 1-2: Ball 2-2: Strikes out looking
|
Batting: RHB Ken Dowell
|
0-0: Ball 1-0: Foul Ball, location: 2F 1-1: Ball 2-1: Ball 3-1: Foul Ball, location: 2F 3-2: Foul Ball, location: 2F 3-2: Reached on error, E5 (Groundball, 15, EV 89.4 MPH)
|
Batting: RHB Mark Wasinger
|
0-0: Ball 1-0: Grounds into double play, 4-6-3 (Groundball, 34, EV 76.9 MPH)
|
Bottom of the 8th over - 0 runs, 0 hits, 1 error, 0 left on base; Pittsfield 2 - Elmira 7 |
TOP OF THE 9TH |
Pittsfield Colonials batting - Pitching for Elmira Pioneers : RHP Dwayne Henry
|
Batting: RHB Steven Ramler
|
0-0: Called Strike 0-1: Swinging Strike 0-2: Foul Ball, location: 2F 0-2: Ball 1-2: Ball 2-2: Foul Ball, location: 2F 2-2: Strikes out swinging
|
Pitching: RHP Gregory Wilkes
|
|
Batting: SHB David Enos
|
0-0: Called Strike 0-1: Ground out 4-3 (Groundball, 4, EV 86.9 MPH)
|
Batting: RHB Juan Castro
|
0-0: Ball 1-0: SOLO HOME RUN (Flyball, 8RXD, EV 107.5 MPH), Distance : 435 ft
|
Batting: SHB Steve Scafa
|
0-0: Called Strike 0-1: Ball 1-1: Foul Ball, location: 2F 1-2: Ball 2-2: Ball 3-2: Base on Balls
|
Batting: SHB Mitch Webster
|
0-0: Ball 1-0: Ball 2-0: Foul Ball, location: 2F 2-1: Fly out, F8 (Flyball, 78D, EV 98.8 MPH)
|
Top of the 9th over - 1 run, 1 hit, 0 errors, 1 left on base; Pittsfield 3 - Elmira 7 |
|